 Dungeon Crawl Stone Soup version 0.28.0-43-g3370ac3207 (webtiles) character file.

Game seed: 17989837838190402096

2655 protoss039 the Thaumaturge (level 9, -6/45 HPs)
             Began as a Deep Elf Fire Elementalist on Mar 24, 2022.
             Mangled by a wyvern (15 damage)
             ... on level 7 of the Dungeon.
             The game lasted 00:17:05 (9115 turns).

protoss039 the Thaumaturge (DEFE)                   Turns: 9115, Time: 00:17:06

Health: -6/45      AC:  8    Str:  5    XL:     9   Next: 36%
Magic:  10/25      EV: 13    Int: 25    God:
Gold:   301        SH:  0    Dex: 15    Spells: 11/29 levels left

rFire   . . .      SeeInvis .   m - +2 whip (flame)
rCold   . . .      Faith    .   (no shield)
rNeg    . . .      Spirit   .   u - +0 steam dragon scales
rPois   .          Reflect  .   (no helmet)
rElec   .          Harm     .   (no cloak)
rCorr   .          Rampage  .   (no gloves)
Will    .....                   i - +2 pair of boots
Stlth   ++........              (no amulet)
HPRegen 0.15/turn               (no ring)
MPRegen 0.19/turn               (no ring)

@: studying Staves
A: no striking features
a: no special abilities


You were on level 7 of the Dungeon.
You visited 1 branch of the dungeon, and saw 7 of its levels.

You collected 301 gold pieces.

Inventory:

Hand Weapons
 m - a +2 whip of flaming (weapon)
 s - a +2 rapier of holy wrath
 t - a +2 whip of freezing
Armour
 a - a +0 robe of resistance
 i - a +2 pair of boots (worn)
 u - +0 steam dragon scales (worn)
Magical Staves
 j - a staff of death
Jewellery
 v - an amulet of magic regeneration
Wands
 c - a wand of mindburst (6)
 r - a wand of flame (10)
 y - a wand of polymorph (12)
Scrolls
 e - a scroll of fog {unknown}
 h - a scroll of brand weapon {unknown}
 k - a scroll of fear {unknown}
 l - a scroll of blinking {unknown}
 n - a scroll of silence {unknown}
 o - 2 scrolls of vulnerability {unknown}
 p - a scroll of holy word {unknown}
 q - 2 scrolls of identify {unknown}
 w - a scroll of teleportation {unknown}
Potions
 b - 2 potions of haste
 d - a potion of attraction {unknown}
 f - a potion of brilliance {unknown}
 g - a potion of cancellation {unknown}
 x - a potion of curing
 z - a potion of heal wounds


   Skills:
 - Level 3.0 Dodging
 - Level 3.0 Stealth
 + Level 10.5 Spellcasting
 + Level 4.1 Conjurations
 - Level 3.0 Hexes
 - Level 3.0 Transmutations
 + Level 8.6 Fire Magic
 - Level 3.0 Air Magic
 - Level 3.0 Earth Magic


You had 11 spell levels left.
You knew the following spells:

 Your Spells              Type           Power      Damage    Failure   Level
a - Foxfire               Conj/Fire      100%       2x1d9     1%          1
b - Scorch                Fire           100%       2d10      1%          2
c - Conjure Flame         Conj/Fire      44%        6-21      1%          3
d - Inner Flame           Hex/Fire       42%        N/A       1%          3
e - Flame Wave            Conj/Fire      44%        2d10      3%          4
f - Passwall              Tmut/Erth      23%        N/A       1%          2
g - Swiftness             Air            28%        N/A       4%          3

Your spell library contained the following spells:

 Spells                   Type           Power      Damage    Failure   Level
 Beastly Appendage        Tmut           56%        N/A       1%          1
 Wereblood                Tmut           28%        N/A       1%          2
 Ensorcelled Hibernation  Hex/Ice        40%        N/A       3%          2
 Pain                     Necr           52%        1d6       4%          1
 Spider Form              Tmut/Pois      20%        N/A       8%          3
 Agony                    Necr           13%        N/A       78%         5
 Excruciating Wounds      Necr           6%         N/A       78%         5


Dungeon Overview and Level Annotations

Branches:
Dungeon (7/15)
 Temple: D:4-7

Altars:
Gozag
Okawaru
Qazlal
Yredelemnul

Shops:
D:2 *

Annotations:
D:5 1 runed translucent door, Crazy Yiuf


Message History

The centaur skeleton hits you but does no damage.
The centaur skeleton kicks you but does no damage.
The wyvern barely misses you. The orc hits you with a +0 flail.
* * * LOW HITPOINT WARNING * * *
The centaur skeleton closely misses you.
The centaur skeleton misses you.
Unknown command.
Casting: Scorch (safe; 1% risk of failure)
Confirm with . or Enter, or press ? or * to list all spells.
Flames lash the wyvern but do no damage.
The wyvern bites you but does no damage.
The centaur skeleton hits you but does no damage.
The centaur skeleton kicks you.
* * * LOW HITPOINT WARNING * * *
The orc completely misses you.
The wyvern bites you but does no damage.
Unknown command.
Unknown command.
Casting: Scorch (safe; 1% risk of failure)
Confirm with . or Enter, or press ? or * to list all spells.
Casting: Flame Wave (dangerous; 3% risk of failure)
Press: ? - help, Dir - look around, f - activate A wave of flame ripples out!
The flame wave engulfs the centaur skeleton!!
The centaur skeleton is burned terribly!
You destroy the centaur skeleton!
The flame wave engulfs the wyvern.
The wyvern is almost dead.
The flame wave engulfs the orc!
The orc is burned terribly!
You kill the orc! (Press . to intensify the flame waves.)
The wyvern closely misses you.
Unknown command.
Casting: Flame Wave (dangerous; 3% risk of failure)
Confirm with . or Enter, or press ? or * to list all spells.
Flames lash the wyvern.
The wyvern is almost dead.
The wyvern's fire resistance burns away.
The wyvern bites you!
You die...

.......####.##...........###....)
)....### #.###......###....##.##
.)....# #.#...###..# ####..#.#
......#####...#####..# #....#
......#.......##.....##. ##
........####.##.........
........................
........####.........).?
........# ###..@....... ........#
#..l)...... ######### #..........
# #.......... # ##......!.. #
##.....##. # #...... # #....... #


You could see a wyvern (combustible).

Vanquished Creatures
  Pikel (D:5)
  Maggie (D:6)
  A basilisk (D:7)
  Eustachio (D:6)
  A water moccasin (D:6)
  A sky beast (D:7)
  An ogre (D:4)
  A necrophage (D:5)
  3 centaurs
  A phantom (D:6)
  3 lemures
  3 scorpions
  A water moccasin zombie (D:5)
  5 wights (D:6)
  A jelly (D:5)
  2 hounds
  2 bullfrog skeletons
  A centaur skeleton (D:7)
  3 orc priests
  3 orc wizards
  5 adders
  4 gnolls (D:6)
  2 shadow imps (D:6)
  A white imp (D:7)
  An ufetubus (D:4)
  3 worms
  2 dart slugs
  18 orcs
  5 ball pythons
  6 bats
  6 endoplasms
  4 giant cockroaches
  7 goblins
  6 hobgoblins
  5 quokkas
  2 frilled lizards
  8 kobolds
  5 rats
126 creatures vanquished.

Vanquished Creatures (others)
  403 foxfires
403 creatures vanquished.

Grand Total: 529 creatures vanquished

Notes
Turn   | Place    | Note
-------+----------+-------------------------------------------
     0 | D:1      | protoss039 the Deep Elf Fire Elementalist began the quest
                  | for the Orb.
     0 | D:1      | Reached XP level 1. HP: 10/10 MP: 6/6
   355 | D:1      | Reached XP level 2. HP: 6/15 MP: 0/8
  1482 | D:1      | Reached XP level 3. HP: 19/19 MP: 5/10
  2069 | D:1      | Learned a level 2 spell: Scorch
  2073 | D:1      | Learned a level 3 spell: Conjure Flame
  2077 | D:1      | Learned a level 3 spell: Inner Flame
  2090 | D:2      | Found Maut's Assorted Antiques.
  2269 | D:2      | Found a faded altar of an unknown god.
  2701 | D:2      | Reached XP level 4. HP: 24/24 MP: 9/11
  3060 | D:2      | Reached skill level 4 in Spellcasting
  4336 | D:4      | Reached XP level 5. HP: 26/28 MP: 10/14
  4444 | D:4      | Found a basalt altar of Yredelemnul.
  4444 | D:4      | Found an iron altar of Okawaru.
  4573 | D:4      | Noticed a centaur
  4575 | D:4      | Noticed a centaur
  4581 | D:4      | Killed a centaur
  4582 | D:4      | Reached skill level 5 in Spellcasting
  4582 | D:4      | Reached skill level 5 in Fire Magic
  4591 | D:4      | Killed a centaur
  4592 | D:4      | Reached XP level 6. HP: 11/32 MP: 5/16
  5001 | D:4      | Learned a level 4 spell: Flame Wave
  5004 | D:4      | Learned a level 2 spell: Passwall
  5005 | D:5      | Entered Level 5 of the Dungeon
  5137 | D:4      | Reached skill level 6 in Spellcasting
  5137 | D:4      | Reached skill level 1 in Hexes
  5224 | D:5      | Reached skill level 1 in Transmutations
  5224 | D:5      | Reached skill level 1 in Earth Magic
  5344 | D:5      | HP: 1/32 [disintegration (5)]
  5762 | D:5      | Reached XP level 7. HP: 36/36 MP: 7/18
  6017 | D:5      | Found a runed translucent door.
  6018 | D:5      | Noticed Crazy Yiuf
  6231 | D:5      | Learned a level 3 spell: Swiftness
  6261 | D:6      | Noticed Eustachio
  6456 | D:6      | Killed Eustachio
  6517 | D:6      | Reached skill level 7 in Spellcasting
  6517 | D:6      | Reached skill level 1 in Air Magic
  6648 | D:6      | Reached XP level 8. HP: 41/41 MP: 14/20
  6718 | D:6      | Noticed Pikel
  6993 | D:5      | HP: 1/41 [Pikel/+2 whip of freezing (3)]
  7168 | D:5      | Killed Pikel
  7169 | D:5      | Reached skill level 8 in Spellcasting
  7719 | D:6      | Reached skill level 9 in Spellcasting
  7921 | D:6      | Noticed Maggie
  7929 | D:6      | Killed Maggie
  7930 | D:6      | Reached XP level 9. HP: 39/45 MP: 11/24
  8100 | D:6      | Found a stormy altar of Qazlal.
  8410 | D:7      | Reached skill level 10 in Spellcasting
  8856 | D:7      | Found an opulent altar of Gozag.
  9115 | D:7      | Mangled by a wyvern

Illustrated notes

Levels and vault maps discovered:
D:1:      shiori_shiawase, layout_basic
D:2:      kb_forest_paths, layout_basic, ebering_ecumenical_altar_box,
          serial_shops, shop
D:3:      layout_loops_ring, serial_rivers, chequers_serial_rivers_marsh,
          chequers_serial_rivers_micro_d, chequers_serial_rivers_room_b,
          chequers_serial_rivers_micro_a, roderic_lattice_a,
          hangedman_decor_clover_reticule,
          nicolae_concentric_dashed_squares_mild
D:4:      layout_cave_pools, gammafunk_temple_overflow_wave, minmay_manual_mares
D:5:      layout_cave_pools, uniq_crazy_yiuf_cottage
D:6:      layout_loops_ring, mainiacjoe_overflow_alcove_4, uniq_maggie,
          uniq_eustachio, uniq_pikel
D:7:      layout_rooms, nicolae_gozag_cash_rules_everything_around_me,
          minmay_temple_entry_trees, lemuel_flame_loot_1

Skill      XL: |  1  2  3  4  5  6  7  8  9 |
---------------+----------------------------+-----
Fire Magic     | 4 5 6 8 |  8.6
Stealth        | 3 |  3.0
Dodging        | 3 |  3.0
Spellcasting   | 4 5 6 7 9 10 | 10.5
Conjurations   | 2 3 4 |  4.1
Hexes          | 1 2 3 |  3.0
Transmutations | 1 2 3 |  3.0
Earth Magic    | 1 2 3 |  3.0
Air Magic      | 1 3 |  3.0

Action                   |  1- 3 |  4- 6 |  7- 9 || total
-------------------------+-------+-------+-------++-------
Melee: Dagger            |    29 |     1 |       ||    30
       Punch             |     1 |       |       ||     1
       Whip              |       |    11 |     3 ||    14
 Cast: Foxfire           |   104 |    70 |    65 ||   239
       Scorch            |       |    16 |    70 ||    86
       Inner Flame       |       |     1 |     9 ||    10
       Conjure Flame     |       |       |     5 ||     5
       Swiftness         |       |       |     6 ||     6
       Flame Wave        |       |       |     1 ||     1
  Use: Potion            |       |     3 |     2 ||     5
 Stab: Sleeping          |     3 |     3 |       ||     6
Armor: Robe              |    13 |     7 |     4 ||    24
       Steam dragon scal |       |       |    12 ||    12
Dodge: Dodged            |    42 |    21 |    17 ||    80
